AoeStats
← ska_18

Nomad

506420522Analyzed
3v3 RM · 19d ago on Sep 13, 2026· 65m 25s· 6 players
Game mode
Random Map
Map size
210×210
Population
200
Speed
Normal
Resources
Standard
Victory
Conquest
Starting age
Dark Age
Ending age
Imperial Age
RankedLock teamsTeams togetherTeam positionsShared explorationLock speedFull tech treeHidden civsTurbo modeCheats
Victory
Defeat
🇨🇿 Mongols · Czechia
912
+16
🇦🇹 Saracens · Austria
883
+17
🇩🇪 Persians · Germany
811
+20
🇮🇪 Spanish · Ireland
971
-20
🇯🇵 Persians · Japan
893
-17
🇯🇵 Khmer · Japan
868
-16
ska_18
3:11 Loom
14:02 Feudal Age
16:21 Fishing Lines
19:49 Castle Age
19:07 Horse Collar
19:33 Double-Bit Axe
21:08 Bow Saw
21:39 Wheelbarrow
20:49 Town Watch
22:46 Medium Warships
23:33 Gold Mining
23:33 Stone Mining
26:16 Forging
27:04 Hand Cart
27:02 Heavy Plow
27:09 Fletching
29:16 Bodkin Arrow
30:47 Scale Barding Armor
30:26 Treadmill Crane
30:56 Fortified Wall
36:02 Imperial Age
34:37 Murder Holes
35:56 Iron Casting
35:34 Bimaristan
36:42 Masonry
36:53 Ballistics
37:47 Chain Barding Armor
38:39 Blast Furnace
38:11 Bloodlines
38:02 Husbandry
38:30 Conscription
39:06 Hoardings
38:46 Elite Mameluke
39:45 Light Cavalry
41:03 Plate Barding Armor
41:43 Chemistry
41:25 Town Patrol
49:43 Fervor
49:53 Sanctity
51:12 Gold Shaft Mining
51:38 Two-Man Saw
50:57 Bracer
50:20 Hussar
50:21 Heavy Camel Rider
55:22 Herbal Medicine
55:28 Devotion
ek55
10:20 Loom
15:02 Feudal Age
15:31 Horse Collar
15:13 Man-at-Arms
17:49 Fishing Lines
18:14 Town Watch
18:22 Gold Mining
19:22 Double-Bit Axe
22:01 Wheelbarrow
23:13 Fletching
23:26 Scale Mail Armor
23:42 Bloodlines
24:04 Forging
23:55 Padded Archer Armor
32:37 Castle Age
31:57 Scale Barding Armor
32:45 Stone Mining
33:04 Crossbowman
33:12 Pikeman
33:56 Husbandry
34:21 Chain Barding Armor
33:31 Elite Skirmisher
35:11 Ballistics
35:15 Bodkin Arrow
35:55 Iron Casting
37:17 Thumb Ring
37:34 Hand Cart
38:05 Gillnets
38:44 Leather Archer Armor
38:51 Bow Saw
44:27 Imperial Age
42:02 Squires
45:16 Conscription
44:32 Cavalier
46:24 Chemistry
46:11 Plate Barding Armor
49:15 Savar
55:31 Two-Man Saw
54:33 Heavy Plow
55:24 Town Patrol
55:59 Crop Rotation
60:05 Blast Furnace
64:21 Gold Shaft Mining
Dzahy
5:02 Loom
12:06 Feudal Age
12:32 Double-Bit Axe
19:41 Castle Age
20:13 Bloodlines
21:31 Bow Saw
22:00 Horse Collar
24:29 Scale Barding Armor
26:59 Siphons
30:20 Fishing Lines
34:47 Imperial Age
32:24 Husbandry
33:24 Medium Warships
34:06 Chain Barding Armor
35:32 Wheelbarrow
34:44 Town Watch
35:24 Ballistics
35:33 Elite Steppe Lancer
37:23 Forging
42:00 Parthian Tactics
40:55 Heavy Cavalry Archer
41:40 Padded Archer Armor
41:31 Fletching
42:26 Elite Mangudai
43:27 Conscription
46:04 Thumb Ring
50:54 Nomads
60:27 Heavy Plow
62:25 Heavy Warships
66:03 Shipwright
65:53 Clinker Construction
65:54 Careening
kitkit05020525
5:07 Loom
13:34 Feudal Age
14:48 Fishing Lines
20:08 Castle Age
20:45 Scale Barding Armor
20:55 Bloodlines
21:26 Gillnets
21:45 Double-Bit Axe
22:04 Gold Mining
25:50 Wheelbarrow
27:55 Horse Collar
29:18 Chain Barding Armor
34:24 Kamandaran
35:45 Hand Cart
35:05 Crossbowman
37:07 Thumb Ring
41:57 Imperial Age
39:08 Elite Skirmisher
41:09 Fletching
41:22 Padded Archer Armor
42:56 Leather Archer Armor
42:37 Bodkin Arrow
43:06 Bow Saw
45:20 Conscription
48:33 Ring Archer Armor
49:04 Light Cavalry
53:08 Citadels
Pata
15:10 Feudal Age
20:13 Castle Age
18:51 Double-Bit Axe
20:01 Gold Mining
25:01 Scale Barding Armor
30:23 Bloodlines
30:10 Fletching
33:32 Tusk Swords
33:59 Pikeman
35:48 Bodkin Arrow
36:17 Chain Barding Armor
38:16 Scale Mail Armor
45:20 Wheelbarrow
44:30 Town Watch
45:44 Forging
45:50 Chain Mail Armor
55:11 Horse Collar
Gamper
11:52 Loom
14:42 Feudal Age
17:28 Double-Bit Axe
22:04 Castle Age
21:52 Fishing Lines
23:21 Gillnets
26:14 Wheelbarrow
28:56 Padded Archer Armor
28:38 Demolition Ship
34:41 Leather Archer Armor
37:39 Imperial Age
37:16 Gold Mining
38:48 Conscription
38:47 Bloodlines
38:57 Heavy Demolition Ship
40:14 Hand Cart
44:17 Chemistry
44:00 Ring Archer Armor
44:16 Town Watch
48:51 Elite Conquistador
52:51 Hoardings
52:36 Inquisition
Connection lost

Rejoining the realm…

Still unreachable

The connection could not be restored.

Session expired

The server has moved on; the page needs a fresh start.